 Dungeon Crawl Stone Soup version 0.17-a0-737-gf0a300a (webtiles) character file.

1041473 Herrn the Shapeless Ant (level 27, -1/249 HPs)
             Began as a Formicid Fighter on May 7, 2015.
             Was the Champion of Cheibriados.
             Killed by an exploding ball lightning (35 damage)
             ... created by Lom Lobon
             ... in Pandemonium on May 8, 2015.
             The game lasted 09:02:40 (117952 turns).

Herrn the Shapeless Ant (Formicid Fighter)        Turns: 117952, Time: 09:02:40

Health: -1/249     AC: 38    Str: 40    XL:     27
Magic:  47/47      EV: 34    Int: 25    God:    Cheibriados [******]
Gold:   14048      SH: 38    Dex: 36    Spells: 9 memorised, 6 levels left

rFire  + + +     SeeInvis +     b - +12 great sword of Feop Ybi {slice, rF+ MR+ MP+9}
rCold  + + +     Clarity  .     X - +3 plate armour "Cumoap" {rC+ rCorr}
rNeg   + + +     SustAb   +     W - +12 large shield "Hooph" {rPois rF- rC+++}
rPois  ∞         Gourm    .     (helmet unavailable)
rElec  .         Spirit   .     y - +0 cloak of Philately {rN+ Regen+ Int+3}
rCorr  +         Warding  .     S - +2 pair of fencer's gloves {LBl+4 SBl+4 EV+3 Dex+6} (curse)
rMut   +         Stasis   +     R - +2 pair of boots {Fly}
MR     ++++.                    B - amulet "Cuba" {rMut Slay+2}
Stlth  ..........               D - ring of Greed {SustAb +Fly rN++ Str-2 Int+2}
                                H - ring "Ytuer" {rPois rF+++ rC+ Int-4 SInv}

@: lich-form, flying, studying Axes, very slow, incredibly resistant to hostile
enchantments, extremely unstealthy
A: permanent stasis, dig shafts and tunnels, four strong arms, antennae 3, rough
black scales 1, slow healing 1, spit poison 1, MP-powered wands
a: Dig, Shaft Self, Spit Poison, End Transformation, Bend Time, Temporal
Distortion, Slouch, Step From Time, Renounce Religion, Stop Flying
}: 7/15 runes: barnacled, slimy, silver, golden, abyssal, glowing, gossamer


You were in Pandemonium.
You worshipped Cheibriados.
Cheibriados was exalted by your worship.
You were not hungry.
You were a lich.
You visited 14 branches of the dungeon, and saw 69 of its levels.
You visited Pandemonium 1 time, and saw 9 of its levels.
You visited the Abyss 3 times.
You visited 1 bazaar.
You visited 1 ziggurat, and saw 12 of its levels.
You also visited: Trove, Ice Cave and Wizlab.

You collected 15704 gold pieces.
You spent 1656 gold pieces at shops.

Inventory:

Hand weapons
 b - the +12 great sword of Feop Ybi (weapon) {slice, rF+ MR+ MP+9}
   (You found it on level 8 of the Dungeon)

   It inflicts extra damage upon your enemies.
   It protects you from fire.
   It affects your resistance to hostile enchantments.
   It affects your magic capacity (+9).
 n - a cursed +9 executioner's axe of flaming
 E - the cursed +7 great mace "Firestarter" {flame, inner flame, rF++}
   (You found it on level 3 of the Tomb of the Ancients)

   It has been specially enchanted to burn those struck by it, causing extra
   injury to most foes and up to half again as much damage against particularly
   susceptible opponents.
   It greatly protects you from fire.
   It has a curse placed upon it.
 M - a +9 triple sword of holy wrath
Armour
 h - the +2 pair of gloves "Vuarr" {rElec rPois rC+ MP-9}
   (You found it on level 5 of the Vaults)

   It protects you from cold.
   It insulates you from electricity.
   It protects you from poison.
   It affects your magic capacity (-9).
 w - the cursed +1 chain mail of the Cast Vote {rN+ Stlth+}
   (You found it on level 7 of the Lair of Beasts)

   It protects you from negative energy.
   It makes you more stealthy.
   It has a curse placed upon it.
 x - the cursed +5 ring mail of Freedom {-Cast rC+ Str+6 Int+2}
   (You found it on level 5 of the Dungeon)

   It affects your strength (+6).
   It affects your intelligence (+2).
   It protects you from cold.
   It prevents spellcasting.
   It has a curse placed upon it.
 y - the +0 cloak of Philately (worn) {rN+ Regen+ Int+3}
   (You acquired it on level 3 of the Spider Nest)

   It affects your intelligence (+3).
   It protects you from negative energy.
   It increases your rate of regeneration.
 A - a +2 large shield of protection
 J - the cursed +4 chain mail of Ditweh {rElec rN+ Str-2}
   (You found it on level 3 of the Crypt)

   It affects your strength (-2).
   It insulates you from electricity.
   It protects you from negative energy.
   It has a curse placed upon it.
 R - a +2 pair of boots of flying (worn)
 S - the cursed +2 pair of fencer's gloves (worn) {LBl+4 SBl+4 EV+3 Dex+6}
   (You acquired it on level 4 of the Depths)

   It affects your evasion (+3).
   It affects your dexterity (+6).
   It has a curse placed upon it.
 W - the +12 large shield "Hooph" (worn) {rPois rF- rC+++}
   (You acquired it on level 1 of a ziggurat)

   It makes you vulnerable to fire.
   It renders you almost immune to cold.
   It protects you from poison.
 X - the +3 plate armour "Cumoap" (worn) {rC+ rCorr}
   (You found it in a treasure trove)

   It protects you from cold.
   It protects you from acid and corrosion.
Jewellery
 z - the cursed ring of Zachulo {Str+5 Int+3 Dex+2}
   (You found it in a treasure trove)

   [ring of intelligence]

   It affects your strength (+5).
   It affects your intelligence (+3).
   It affects your dexterity (+2).
   It has a curse placed upon it.
 B - the amulet "Cuba" (around neck) {rMut Slay+2}
   (You found it in a treasure trove)

   [amulet of resist mutation]

   It protects you from mutation.
   It affects your accuracy and damage with ranged weapons and melee attacks
   (+2).
 D - the ring of Greed (right hand) {SustAb +Fly rN++ Str-2 Int+2}
   (You took it off a vault warden on level 5 of the Vaults)

   [ring of sustain abilities]

   It sustains your strength, intelligence and dexterity.
   It affects your strength (-2).
   It affects your intelligence (+2).
   It greatly protects you from negative energy.
   It lets you fly.
 H - the ring "Ytuer" (left hand) {rPois rF+++ rC+ Int-4 SInv}
   (You found it on level 3 of the Vaults)

   [ring of poison resistance]

   It affects your intelligence (-4).
   It renders you almost immune to fire.
   It protects you from cold.
   It protects you from poison.
   It enhances your eyesight.
 K - a cursed amulet of warding
 L - the cursed ring of the Monkey's Uncle {MR+ Int+6}
   (You took it off a deep elf sorcerer on level 3 of the Elven Halls)

   [ring of protection from magic]

   It affects your intelligence (+6).
   It affects your resistance to hostile enchantments.
   It has a curse placed upon it.
 Y - the cursed amulet "Isiguh" {Spirit rElec rF+ MR++ Str-4}
   (You bought it in a shop on level 2 of the Vaults)

   [amulet of guardian spirit]

   It causes incoming damage to be split between your health and magic.
   It affects your strength (-4).
   It protects you from fire.
   It insulates you from electricity.
   It affects your resistance to hostile enchantments.
   It has a curse placed upon it.
 Z - the cursed ring "Niseg" {+Inv rPois rF+ rN+ Stlth-}
   (You found it on level 3 of the Tomb of the Ancients)

   [ring of loudness]

   It protects you from fire.
   It protects you from poison.
   It protects you from negative energy.
   It lets you turn invisible.
   It makes you less stealthy.
   It has a curse placed upon it.
Magical devices
 s - a wand of heal wounds (9)
Scrolls
 c - 11 scrolls of amnesia
 e - 8 scrolls of silence
 f - 36 scrolls of remove curse
 m - 15 scrolls of recharging
 u - 8 scrolls of magic mapping
 C - 11 scrolls of holy word
 F - 24 scrolls of enchant armour
 N - 3 scrolls of brand weapon
 P - 15 scrolls of identify
Potions
 a - 5 potions of heal wounds
 d - 3 potions of agility
 g - 9 potions of restore abilities
 l - 2 potions of magic
 o - 4 potions of mutation
 p - 15 potions of might
 G - 7 potions of cure mutation
 Q - 8 potions of resistance
 U - 21 potions of curing
Books
 j - a Fen Folio

   Spells                             Type                      Level
   a - Corpse Rot                     Necromancy                   2
   b - Stone Arrow                    Conjuration/Earth            3
   c - Leda's Liquefaction            Hexes/Earth                  4
   d - Summon Forest                  Summoning/Translocation      5
   e - Hydra Form                     Transmutation                6
   f - Summon Hydra                   Summoning                    7
 q - a Grand Grimoire {highlevel}

   Spells                             Type                      Level
   a - Aura of Abjuration             Summoning                    6
   b - Summon Greater Demon           Summoning                    7
   c - Malign Gateway                 Summoning/Translocation      7
   d - Summon Horrible Things         Summoning                    8
 t - a manual of Axes
 I - a book of Transfigurations

   Spells                             Type                      Level
   a - Stoneskin                      Transmutation/Earth          2
   b - Irradiate                      Conjuration/Transmutation    5
   c - Statue Form                    Transmutation/Earth          6
   d - Hydra Form                     Transmutation                6
   e - Dragon Form                    Transmutation                7
 V - a book of Enchantments

   Spells                             Type                      Level
   a - Cause Fear                     Hexes                        4
   b - Silence                        Hexes/Air                    5
   c - Deflect Missiles               Charms/Air                   6
   d - Haste                          Charms                       6
   e - Discord                        Hexes                        8
Comestibles
 i - 46 meat rations
 k - 22 royal jellies
 r - 16 bread rations


   Skills:
 O Level 27 Fighting
 - Level 25.7(27) Long Blades
 * Level 11.1 Axes
 - Level 15.2 Armour
 + Level 18.9 Dodging
 - Level 15.0 Shields
 * Level 11.8 Spellcasting
 - Level 6.2 Charms
 - Level 10.0 Summonings
 * Level 26.9 Necromancy
 O Level 27 Transmutations
 + Level 20.2 Earth Magic
 - Level 13.3 Invocations


You had 6 spell levels left.
You knew the following spells:

 Your Spells              Type           Power        Failure   Level  Hunger
a - Petrify               Trmt/Erth      #######.     0%          4    N/A
b - Lee's Rapid Deconstr  Erth           #######...   1%          5    N/A
c - Dispel Undead         Necr           ########     0%          5    N/A
d - Regeneration          Chrm/Necr      #######...   1%          3    N/A
e - Stoneskin             Trmt/Erth      #######.     0%          2    N/A
f - Necromutation         Trmt/Necr      ########..   3%          8    N/A
g - Shatter               Erth           #######...   100%        9    N/A
h - Summon Butterflies    Summ           ######..     1%          1    N/A
i - Statue Form           Trmt/Erth      #######..    1%          6    N/A

Dungeon Overview and Level Annotations

Branches:
Dungeon (15/15)            Temple (1/1) D:7            Lair (8/8) D:10
 Shoals (5/5) Lair:5       Spider (5/5) Lair:5        Slime (6/6) Lair:6
    Orc (4/4) D:11            Elf (3/3) Orc:4        Vaults (5/5) D:14
  Crypt (3/3) Vaults:2       Tomb (3/3) Crypt:3      Depths (5/5) D:15
   Hell (1/1)                 Dis (0/7) Hell            Geh (0/7) Hell
    Coc (0/7) Hell            Tar (0/7) Hell            Zot (5/5) Depths:5

Altars:
Ashenzari
Cheibriados
Dithmenos
Elyvilon
Fedhas
Gozag
Kikubaaqudgha
Makhleb
Nemelex Xobeh
Okawaru
Qazlal
Ru
Sif Muna
Trog
Vehumet
Xom
Yredelemnul
Zin
The Shining One
Jiyva

Shops:
D:6 *   D:8 }   D:12 [   Orc:2 }   Orc:4 [*(:   Elf:2 ?   Vaults:2 =*
Vaults:4 =(%%[   Depths:1 (   Depths:4 (

Portals:
Hell: Depths:1 Depths:2 Depths:3 Depths:4 Depths:5
Abyss: Depths:3 Depths:4 Depths:5
Pandemonium: Depths:3
Ziggurat: Depths:3

Annotations:
Pan Lom Lobon


Innate Abilities, Weirdness & Mutations

You are under a permanent stasis effect.
You can dig through walls and to a lower floor.
Your four strong arms can wield two-handed weapons with a shield.
You have a pair of large antennae on your head (SInv).
You are partially covered in rough black scales (AC +4, Dex -1).
You heal slowly when monsters are visible.
You can spit weak poison.
You expend magic power (3 MP) to strengthen your wands.


Message History

Unknown command.
Unknown command.
You are engulfed in raging winds.
The ball lightning explodes!
The blast of lightning engulfs you!
* * * LOW HITPOINT WARNING * * *
The blast of lightning engulfs the ball lightning.
The ball lightning completely resists.
Unknown command.
Unknown command.
You slice the ball lightning!!
The ball lightning explodes!
The blast of lightning engulfs you!
* * * LOW HITPOINT WARNING * * *
The blast of lightning engulfs the ball lightning.
The ball lightning completely resists.
Cheibriados thoroughly appreciates the change of pace.
The ball lightning explodes!
The blast of lightning engulfs you!
You die...

....§§§## #≈.≈≈≈#≈≈≈..⌠..
...§§§§§§# ##≈.≈≈≈#≈≈≈.....
...§§§.§.## ##≈≈≈.≈≈##≈≈.....
..§§§§§§.§###≈≈≈≈.≈≈≈#≈≈≈....
...§§§§§....#§≈≈≈≈.≈≈≈##≈≈....
..§§§§§§§..§≈§≈≈≈≈)≈≈≈##≈≈≈.#.
..§§§§§*§.#§§§§§...≈≈≈##≈≈≈≈#.
..§§§§§**{##..≈§....≈###≈≈≈≈#.
...§§§§§*####L§......##≈≈≈≈≈##
..§§§§§§# #.......###≈≈≈≈≈≈#
...§§§§## ##.....###≈≈≈≈≈≈≈#
##.§.## ########≈≈≈≈≈≈≈≈≈ ####
#≈≈≈≈≈≈≈≈≈≈≈≈ #############
......... ..........
..........


There were no monsters in sight!

Vanquished Creatures
  the royal jelly (Slime:6)
  Mnoleg (Pan)
  3 ancient liches
  4 orbs of fire
  Mara (Spider:3)
  Mennas (Pan)
  The ghost of UristPineapples the Wrestler, a great TrMo of Okawaru (Slime:6)
  36 greater mummies
  Sojobo (Vaults:5)
  5 pandemonium lords
  3 curse toes (Zot:4)
  A Killer Klown (Zot:2)
  2 caustic shrikes (Depths:2)
  Geryon (Hell)
  Nikola (Shoals:2)
  10 profane servitors
  the Enchantress (Depths:2)
  10 golden dragons
  28 bone dragons
  2 Brimstone Fiends (Zig:10)
  An electric golem (WizLab)
  Jorgrun (Spider:3)
  17 tentacled monstrosities
  8 Hell Sentinels
  3 Orb Guardians (Zot:5)
  12 liches
  Asterion (Spider:4)
  The ghost of radzia the Phalangite, a mighty MfGl of Cheibriados (Shoals:5)
  8 deep elf blademasters
  18 titans
  3 quicksilver dragons
  13 deep elf master archers
  55 tentacled starspawn
  18 acid blobs
  Polyphemus (Shoals:4)
  4 krakens
  13 sphinxes
  An eldritch tentacle (Abyss:1)
  7 Executioners
  Agnes (Spider:1)
  Frances (Elf:1)
  17 storm dragons
  Kirke (D:14)
  7 draconian monks
  6 tengu reavers
  9 ancient champions
  11 revenants
  5 blood saints (Pan)
  21 azure jellies
  Ilsuiw (Shoals:4)
  4 daevas
  13 shadow dragons
  29 fire giants
  3 corrupters
  32 frost giants
  Donald (Elf:1)
  16 vault wardens
  5 draconian knights
  3 black suns
  7 iron dragons
  6 deep elf sorcerers
  Aizul (Vaults:4)
  Louise (Elf:1)
  23 cacodemons
  7 draconian shifters
  An angel (Abyss:1)
  6 draconian scorchers
  3 ghost moths
  An orc warlord (Orc:4)
  9 emperor scorpions
  4 ghouls
  9 balrugs
  7 draconian zealots
  2 warmongers
  39 stone giants
  7 war gargoyles
  12 draconian annihilators
  21 reapers
  3 spriggan defenders (Depths:2)
  5 ironheart preservers
  18 rakshasas
  4 draconian callers
  2 bennus (Tomb:1)
  33 very ugly things
  4 salamander firebrands (Hell)
  9 vampire knights
  7 green draconians
  11 black draconians
  Nessos (Lair:5)
  A dire elephant (Abyss:3)
  11 red draconians
  4 chaos champions (Pan)
  Azrael (D:12)
  11 white draconians
  13 deep elf annihilators
  19 lorocyprocas
  6 purple draconians
  12 mottled draconians
  7 yellow draconians
  4 eidola
  5 deep elf demonologists
  Snorg (D:11)
  6 merfolk javelineers
  10 death oozes
  A quicksilver dragon zombie (Crypt:2)
  13 blizzard demons
  18 ettins
  5 green deaths
  17 jiangshi
  A crystal guardian (WizLab)
  2 pearl dragon zombies (Crypt:2)
  22 fire dragons
  18 yaktaur captains
  14 deep elf death magi
  26 mummy priests
  Josephine (D:12)
  8 deep elf high priests
  30 vault guards
  34 great orbs of eyes
  11 merfolk impalers
  9 death cobs
  Fannar (Lair:3)
  9 entropy weavers
  Harold (Lair:3)
  Erolcha (D:9)
  24 ice dragons
  2 merfolk avatars
  3 spriggan air magi
  8 death knights
  A spectral sphinx (Zig:11)
  3 monstrous demonspawn (Pan)
  A catoblepas (Shoals:4)
  A ghost crab (shapeshifter) (Depths:2)
  10 hydras
  Erica (Orc:1)
  An alligator snapping turtle (Shoals:2)
  11 deep troll shamans
  4 merfolk aquamancers
  6 salamander stormcallers
  17 ogre magi
  3 dancing weapons
  A spectral stone giant (Zig:7)
  13 centaur warriors
  3 satyrs
  4 tengu warriors
  6 death yaks
  12 deep troll earth magi
  5 orc high priests
  6 vampire magi
  3 shock serpents (Pan)
  6 spriggan berserkers
  A titan zombie (Abyss:1)
  Urug (Orc:2)
  3 spriggans (Depths:2)
  10 hell hogs
  10 sun demons
  A storm dragon zombie (Tomb:1)
  An iron golem (WizLab)
  46 thrashing horrors
  132 small abominations
  Sonja (Orc:2)
  Nergalle (D:10)
  20 hell knights
  26 soul eaters
  A titan skeleton (Abyss:1)
  40 wretched stars
  26 deep elf knights
  40 skeletal warriors
  An iron troll (Depths:3)
  14 ice devils
  5 unseen horrors
  60 death scarabs
  11 spatial maelstroms
  A death drake (shapeshifter) (Vaults:1)
  8 hell beasts
  A ball lightning (Pan)
  A fire crab (shapeshifter) (Elf:2)
  5 infernal demonspawn (Pan)
  7 storm dragon skeletons
  12 flayed ghosts
  A shadow demon (Pan)
  A spectral hydra (Crypt:3)
  8 hill giants
  3 anaconda zombies
  An unseen horror (shapeshifter) (Vaults:2)
  22 deep trolls
  14 phantasmal warriors
  10 deep elf summoners
  12 shadow wraiths
  A death drake (Abyss:3)
  3 putrid demonspawn (Pan)
  An ice statue (IceCv)
  A lindwurm (Lair:8)
  An obsidian statue (Vaults:3)
  10 ironbrand convokers
  5 torturous demonspawn
  15 anubis guards
  A deep troll (shapeshifter) (Vaults:5)
  A mana viper (Tomb:1)
  2 wolf spider zombies
  13 giant orange brains
  9 orc knights
  An anaconda skeleton (Tomb:1)
  12 sea snakes
  15 fauns
  8 necromancers
  2 frost giant zombies
  A spectral alligator (Crypt:3)
  48 ugly things
  2 cyclopes (shapeshifter)
  3 gelid demonspawn (Pan)
  2 iron dragon zombies
  5 hornets
  11 shining eyes
  11 wizards
  12 orb spiders
  21 manticores
  7 deep elf conjurers
  A draconian zombie (Zot:5)
  3 stone giant zombies
  A tengu skeleton (Vaults:2)
  2 manticores (shapeshifter)
  28 harpies
  2 fire giant zombies
  A shadow dragon skeleton (Abyss:1)
  19 cyclopes
  13 griffons
  2 orc sorcerers (Abyss:1)
  A draconian (shapeshifter) (Depths:4)
  37 wolf spiders
  20 worldbinders
  8 elephants (Lair:8)
  40 sixfirhies
  32 moths of wrath
  An iron dragon skeleton (Tomb:1)
  A sphinx skeleton (Crypt:1)
  2 fire giant skeletons (Tomb:1)
  9 water nymphs
  8 rust devils
  2 centaur zombies
  11 eyes of devastation
  3 apis skeletons (Crypt:2)
  2 dire elephant zombies
  An elephant (shapeshifter) (Vaults:5)
  2 frost giant skeletons
  2 stone giant skeletons
  A toenail golem (WizLab)
  9 vault sentinels
  48 orange demons
  14 apocalypse crabs
  9 sirens
  7 black mambas
  14 spiny frogs
  A torpor snail (Spider:4)
  60 smoke demons
  5 guardian serpents (Abyss:1)
  An orange crystal statue (Zig:11)
  3 orc skeletons
  6 centaur skeletons
  5 gargoyles
  15 demonic crawlers
  A titan simulacrum (Abyss:1)
  A komodo dragon (shapeshifter) (Depths:2)
  8 hellions
  7 efreet
  6 kobold demonologists
  A catoblepas zombie (Crypt:2)
  A storm dragon simulacrum (Vaults:2)
  14 deep elf priests
  A mottled draconian skeleton (Crypt:2)
  10 tengu conjurers
  7 komodo dragons
  41 jumping spiders
  49 yaktaurs
  23 hellwings
  4 trolls
  2 wandering mushrooms (Abyss:1)
  7 fire drakes
  7 blue devils
  38 ancient zymes
  10 red devils
  A yaktaur skeleton (Vaults:2)
  A redback zombie (Vaults:2)
  A merfolk (shapeshifter) (Depths:2)
  50 guardian mummies
  A giant leech (shapeshifter) (D:14)
  3 hydra zombies
  12 polar bears (IceCv)
  20 freezing wraiths
  2 silent spectres (Abyss:1)
  27 two-headed ogres
  58 merfolk
  8 tormentors
  A queen bee (Orc:1)
  A jumping spider (shapeshifter) (Elf:2)
  A shadow dragon simulacrum (Abyss:1)
  2 trolls (shapeshifter)
  3 wind drakes (Shoals:4)
  196 slime creatures
  Grinder (D:3)
  A baby alligator (shapeshifter) (Vaults:3)
  2 hydra skeletons
  A wind drake (shapeshifter) (Vaults:5)
  18 ushabtiu
  11 ravens
  A raven (shapeshifter) (Vaults:4)
  32 blink frogs
  13 boulder beetles
  2 bog bodies (Crypt:2)
  A two-headed ogre (shapeshifter) (Vaults:5)
  3 air elementals
  79 raiju
  A tarantella zombie (Crypt:2)
  A fire dragon zombie (Abyss:1)
  A redback (shapeshifter) (Abyss:2)
  15 snapping turtles
  28 deep elf magi
  An alligator skeleton (Hell)
  An ettin skeleton (Vaults:2)
  A fire dragon skeleton (Tomb:1)
  91 flying skulls
  14 shadows
  41 ynoxinuls
  A trapdoor spider (shapeshifter) (Depths:4)
  18 water elementals
  2 ice dragon skeletons
  304 starcursed masses
  A stone giant simulacrum (Vaults:2)
  75 redbacks
  The ghost of Herrn the Scratcher, an average FeTm (D:6)
  8 fire elementals
  A human (shapeshifter) (Vaults:3)
  4 basilisks
  23 tarantellas
  44 golden eyes
  2 basilisks (shapeshifter)
  32 deep elf fighters
  4 wyverns
  30 trapdoor spiders
  19 fire bats
  9 vampires
  A hippogriff (shapeshifter) (Depths:2)
  12 hippogriffs
  A hog (D:14)
  20 wraiths
  A shock serpent simulacrum (Abyss:1)
  A catoblepas simulacrum (Abyss:1)
  33 chaos spawn
  93 yaks
  84 neqoxecs
  9 insubstantial wisps
  A soldier ant (shapeshifter) (Abyss:1)
  9 spatial vortices
  8 hungry ghosts
  A salamander skeleton (Vaults:2)
  5 wargs
  25 vampire mosquitoes
  3 mottled dragons
  16 water moccasins
  A spiny frog zombie (Hell)
  A yaktaur simulacrum (Vaults:3)
  5 hell hounds
  A putrid demonspawn zombie (Crypt:2)
  A gelid demonspawn skeleton (Crypt:2)
  37 wolves
  12 porcupines
  A soldier ant (D:14)
  An ice dragon simulacrum (Abyss:1)
  A porcupine (shapeshifter) (Vaults:5)
  An elephant zombie (Crypt:1)
  158 large abominations
  9 sky beasts
  6 ice beasts
  3 black bears
  A baby alligator skeleton (Crypt:2)
  2 phantoms
  6 boggarts
  2 alligator simulacra
  A swamp drake (Zot:4)
  22 spiders
  2 wasps
  25 centaurs
  31 orc warriors
  16 eyes of draining
  4 human skeletons (Vaults:2)
  8 necrophages
  A swamp dragon skeleton (Crypt:1)
  A dwarf (shapeshifter) (Abyss:1)
  A blink frog skeleton (Crypt:1)
  61 ogres
  2 boring beetles (shapeshifter)
  8 earth elementals
  3 boring beetles
  16 crocodiles
  12 brain worms
  A merfolk simulacrum (Crypt:1)
  23 giant frogs
  A human simulacrum (Zig:8)
  A wyvern zombie (D:14)
  2 big kobolds
  3 spiny frog simulacra
  9 scorpions
  25 wights
  39 killer bees
  50 jellies
  2 electric eels (Spider:1)
  3 giant frog zombies
  22 orc priests
  16 crimson imps
  2 giant frog skeletons
  5 hounds
  30 quasits
  22 iron imps
  29 orc wizards
  2 hell rats (Elf:3)
  9 iguanas
  12 worker ants
  31 sheep
  A mottled dragon skeleton (Crypt:1)
  48 mummies
  A hound zombie (D:11)
  2 hound skeletons
  2 worker ant zombies
  Robin (D:4)
  21 adders
  5 gnolls
  42 river rats
  4 shadow imps
  16 white imps
  A goliath beetle zombie (Crypt:1)
  3 giant eyeballs (Pan)
  48 ufetubi
  An ooze (D:2)
  An adder skeleton (D:10)
  4 worms
  An iguana skeleton (Crypt:2)
  202 orcs
  23 bats
  4 bat skeletons
  9 giant cockroaches
  22 hobgoblins
  9 jackals
  18 kobolds
  A ball python (D:6)
  9 giant geckos
  3 giant newts
  A gnoll skeleton (Crypt:1)
  29 goblins
  A lurking horror (Abyss:1)
  4 quokkas
  2 quokka skeletons
  14 rats
  11 ballistomycetes (D:11)
  A crawling corpse (Vaults:5)
  3 plants
  23 starspawn tentacles
  3 starspawn tentacle segments (Abyss:1)
  A tentacle (Abyss:1)
  4 tentacle segments (Abyss:1)
5777 creatures vanquished.

Vanquished Creatures (collateral kills)
  A stone giant (Crypt:3)
  A death ooze (Slime:6)
  2 jiangshi (Crypt:3)
  A skeletal warrior (Crypt:3)
  A shadow wraith (Crypt:3)
  4 flying skulls (Crypt:3)
10 creatures vanquished.

Vanquished Creatures (others)
  A sphinx (Depths:4)
  A tengu reaver (Vaults:5)
  2 fire giants
  2 ogre magi
  A hell hog (Abyss:1)
  2 deep elf knights
  A shadow wraith (Crypt:3)
  24 death scarabs
  2 ball lightnings (Pan)
  A shining eye (Slime:6)
  2 drowned souls (Shoals:1)
  A stone giant skeleton (Tomb:2)
  A frost giant skeleton (Tomb:2)
  An orange demon (Tomb:2)
  A yaktaur (Depths:1)
  A hellwing (Pan)
  A freezing wraith (Crypt:3)
  A raiju (Abyss:1)
  2 two-headed ogres
  2 slime creatures (Slime:6)
  An ushabti (Tomb:2)
  11 flying skulls
  2 humans
  A deep elf fighter (Crypt:3)
  A neqoxec (Pan)
  An ice beast (Abyss:1)
  A spiny frog skeleton (Hell)
  3 ogres
  A swamp dragon skeleton (Tomb:2)
  9 lost souls
  A snapping turtle skeleton (Abyss:1)
  A giant frog (D:14)
  An elf skeleton (Tomb:2)
  7 small abominations
  A crimson imp (Abyss:1)
  2 jellies (Slime:6)
  4 mummies (Tomb:2)
  2 ufetubi
  A giant spore (D:11)
  11 lurking horrors
  8 eldritch tentacle segments (Abyss:1)
  6 fungi
  7 plants
  108 starspawn tentacles
  829 starspawn tentacle segments
  22 tentacles
  475 tentacle segments
1567 creatures vanquished.

Grand Total: 7354 creatures vanquished

Notes
Turn   | Place    | Note
--------------------------------------------------------------
     0 | D:1      | Herrn, the Formicid Fighter, began the quest for the Orb.
     0 | D:1      | Reached XP level 1. HP: 18/18 MP: 1/1
   111 | D:1      | Reached XP level 2. HP: 22/24 MP: 2/2
   223 | D:1      | Reached skill level 4 in Shields
   241 | D:1      | Reached XP level 3. HP: 21/29 MP: 3/3
   692 | D:2      | Reached XP level 4. HP: 16/37 MP: 4/4
  1108 | D:2      | Reached XP level 5. HP: 38/42 MP: 5/5
  1286 | D:2      | Found a glowing golden altar of the Shining One.
  1528 | D:2      | Found a glowing golden altar of the Shining One.
  1612 | D:3      | Reached skill level 1 in Dodging
  1837 | D:3      | Noticed Grinder
  1871 | D:3      | Killed Grinder
  1871 | D:3      | Reached skill level 5 in Shields
  1871 | D:3      | Reached XP level 6. HP: 16/48 MP: 6/6
  2213 | D:3      | Found a deep blue altar of Sif Muna.
  2833 | D:4      | Reached XP level 7. HP: 54/54 MP: 7/7
  2882 | D:4      | Found a sacrificial altar of Ru.
  2947 | D:4      | Noticed Robin
  3130 | D:4      | Found an iron altar of Okawaru.
  3138 | D:4      | Became a worshipper of Warmaster Okawaru
  3170 | D:4      | Killed Robin
  3907 | D:5      | Entered Level 5 of the Dungeon
  3957 | D:5      | Got a slimy ring mail
  3968 | D:5      | Identified the +5 ring mail of Freedom {-Cast rC+ Str+6 Int+2} (You found it on level 5 of the Dungeon)
  4457 | D:6      | Reached skill level 5 in Axes
  4509 | D:6      | Found an ancient bone altar of Kikubaaqudgha.
  4542 | D:6      | Found a radiant altar of Vehumet.
  4669 | D:6      | Found Pesirog's General Store.
  4814 | D:6      | Found a sparkling altar of Nemelex Xobeh.
  4854 | D:6      | Noticed Herrn's ghost (average FeTm)
  4865 | D:6      | Reached skill level 6 in Shields
  4865 | D:6      | Reached skill level 1 in Invocations
  4865 | D:6      | Reached XP level 8. HP: 18/61 MP: 8/8
  4880 | D:6      | HP: 1/61 [Herrn's ghost (5)]
  4881 | D:6      | You fall through a shaft for 3 floors!
  4886 | D:9      | HP: 2/91 [poison (a potion of poison)]
  5375 | D:9      | Found a basalt altar of Yredelemnul.
  5387 | D:8      | Got a transparent great sword
  5389 | D:8      | Identified the +12 great sword of Feop Ybi {slice, rF+ MR+ MP+9} (You found it on level 8 of the Dungeon)
  5400 | D:8      | Reached skill level 1 in Long Blades
  5405 | D:8      | Acquired Okawaru's first power
  5494 | D:8      | Reached skill level 5 in Fighting
  5743 | D:8      | Reached skill level 5 in Armour
  5751 | D:8      | Found Wevehub's Gadget Shoppe.
  5862 | D:8      | Reached XP level 9. HP: 64/68 MP: 11/11
  6281 | D:9      | Reached skill level 7 in Shields
  6847 | D:9      | Reached skill level 5 in Long Blades
  6855 | D:9      | Gained mutation: Your spells are a little harder to cast, but a little more powerful. [mutagenic meat]
  6856 | D:9      | Gained mutation: Your skin changes colour to match your surroundings (Stealth). [mutagenic meat]
  7086 | D:9      | Reached skill level 5 in Invocations
  7099 | D:9      | Noticed Erolcha
  7104 | D:9      | Killed Erolcha
  7104 | D:9      | Reached XP level 10. HP: 76/76 MP: 14/14
  7437 | D:9      | Received a gift from Okawaru
  7894 | D:10     | Entered Level 10 of the Dungeon
  7974 | D:10     | Noticed Nergalle
  8005 | D:10     | Killed Nergalle
  8005 | D:10     | Reached skill level 5 in Dodging
  8220 | D:10     | Found a staircase to the Lair.
  8226 | D:10     | Noticed a gargoyle
  8231 | D:10     | Killed a gargoyle
  8231 | D:10     | Reached skill level 8 in Shields
  8231 | D:10     | Reached XP level 11. HP: 76/84 MP: 16/16
  8506 | D:10     | Acquired Okawaru's second power
  9211 | D:11     | Noticed Snorg
  9225 | D:11     | Killed Snorg
  9355 | D:11     | Reached skill level 9 in Long Blades
  9400 | D:11     | Noticed an unseen horror
  9404 | D:11     | Killed an unseen horror
  9406 | D:11     | Noticed a five-headed hydra
  9418 | D:11     | Killed a five-headed hydra
  9418 | D:11     | Received a gift from Okawaru
  9421 | D:11     | Got an ancient buckler {god gift}
  9432 | D:11     | Identified the +3 buckler "Jikhif" {rN+ MP+9} (Okawaru gifted it to you on level 11 of the Dungeon)
 10033 | D:11     | Found a staircase to the Orcish Mines.
 10062 | Orc:1    | Entered Level 1 of the Orcish Mines
 10312 | Orc:1    | Found a frozen archway.
 10318 | IceCv    | Entered an ice cave
 10365 | IceCv    | Reached XP level 12. HP: 78/92 MP: 18/18
 10375 | IceCv    | Reached skill level 10 in Long Blades
 10384 | IceCv    | Noticed an ice statue
 10513 | IceCv    | Killed an ice statue
 10715 | IceCv    | Noticed a frost giant
 10730 | IceCv    | Killed a frost giant
 10730 | IceCv    | Reached skill level 11 in Long Blades
 10743 | IceCv    | Received a gift from Okawaru
 11288 | Orc:1    | Found an iron altar of Okawaru.
 11299 | Orc:1    | Noticed Erica
 11310 | Orc:1    | Killed Erica
 11386 | Orc:1    | Reached XP level 13. HP: 62/100 MP: 19/19
 12129 | Orc:2    | Noticed Sonja
 12130 | Orc:2    | Noticed Urug
 12139 | Orc:2    | Killed Sonja
 12151 | Orc:2    | Killed Urug
 12286 | Orc:2    | Found Neqiuxt's Gadget Shop.
 12503 | Orc:3    | Reached skill level 12 in Long Blades
 13328 | Orc:4    | Entered Level 4 of the Orcish Mines
 13480 | Orc:4    | Learned a level 4 spell: Petrify
 13545 | Orc:4    | Found Ritasy's Antique Armour Boutique.
 13560 | Orc:4    | Reached skill level 1 in Earth Magic
 13878 | Orc:4    | Bought a bloodstained chain mail for 294 gold pieces
 13878 | Orc:4    | Bought a shiny shield for 139 gold pieces
 13883 | Orc:4    | Noticed an orc warlord
 13907 | Orc:4    | Identified the +0 chain mail of Fanaticism {Int+2 Slay+3} (You bought it in a shop on level 4 of the Orcish Mines)
 14005 | Orc:4    | Reached skill level 10 in Invocations
 14012 | Orc:4    | Found Mowen's General Store.
 14045 | Orc:4    | Killed an orc warlord
 14126 | Orc:4    | Received a gift from Okawaru
 14426 | Orc:4    | Found Dotur's Antique Weapon Shoppe.
 14558 | Orc:4    | Found Puxuesch Luly's Book Shop.
 14744 | Orc:4    | Found a staircase to the Elven Halls.
 14824 | Orc:4    | Reached skill level 13 in Long Blades
 14926 | Lair:1   | Entered Level 1 of the Lair of Beasts
 16418 | Lair:2   | Reached XP level 14. HP: 92/109 MP: 21/21
 16823 | Lair:2   | Reached skill level 10 in Fighting
 17706 | Lair:3   | Noticed Harold
 17720 | Lair:3   | Killed Harold
 18210 | Lair:3   | Reached skill level 10 in Shields
 18210 | Lair:3   | Reached skill level 5 in Earth Magic
 18276 | Lair:3   | Noticed Fannar
 18289 | Lair:3   | Killed Fannar
 18805 | Lair:4   | Gained mutation: You evolve. [potion of beneficial mutation]
 18888 | Lair:4   | Received a gift from Okawaru
 19622 | Lair:4   | Reached skill level 14 in Long Blades
 20197 | Lair:5   | Found a hole to the Spider Nest.
 20362 | Lair:5   | Noticed Nessos
 20377 | Lair:5   | Killed Nessos
 20478 | Lair:5   | Found a staircase to the Shoals.
 21030 | Lair:5   | Gained mutation: You are covered in fur (AC +1). [potion of mutation]
 21030 | Lair:5   | Gained mutation: You can spit weak poison. [potion of mutation]
 21031 | Lair:5   | Gained mutation: You are weak. (Str -2) [potion of mutation]
 21031 | Lair:5   | Gained mutation: Your mind is acute. (Int +2) [potion of mutation]
 21031 | Lair:5   | Gained mutation: You can spit poison. [potion of mutation]
 21083 | Lair:5   | Lost mutation: You are weak. (Str -2) [evolution]
 21244 | Lair:5   | Reached XP level 15. HP: 55/117 MP: 21/23
 22349 | Lair:6   | Found a runed door.
 22349 | Lair:6   | Found a viscous altar of Jiyva.
 22349 | Lair:6   | Found a staircase to the Slime Pits.
 22349 | Lair:6   | Noticed an acid blob
 22364 | Lair:6   | Killed an acid blob
 22364 | Lair:6   | Received a gift from Okawaru
 23978 | Lair:7   | Got a spiked chain mail
 23989 | Lair:7   | Identified the +1 chain mail of the Cast Vote {rN+ Stlth+} (You found it on level 7 of the Lair of Beasts)
 24016 | Lair:8   | Entered Level 8 of the Lair of Beasts
 24415 | Lair:8   | Reached skill level 15 in Long Blades
 24594 | Lair:8   | Received a gift from Okawaru
 25012 | Lair:8   | Reached XP level 16. HP: 101/125 MP: 25/25
 25907 | D:12     | Found Xem Saosu's Antique Armour Emporium.
 25928 | D:12     | Got a scorched leather armour
 25939 | D:12     | Identified the +0 leather armour of the Barber Surgeon {rF+ Int+6} (You found it on level 12 of the Dungeon)
 25983 | D:12     | Found a runed door.
 26015 | D:12     | Found a runed door.
 26015 | D:12     | Noticed a storm dragon
 26041 | D:12     | Killed a storm dragon
 26067 | D:12     | Got an uncursed slimy long sword
 26068 | D:12     | Identified the +2 long sword "Cukhleshre" {slice, rC+ Str+4} (You took it off a yaktaur captain on level 12 of the Dungeon)
 26103 | D:12     | Noticed a storm dragon
 26128 | D:12     | Received a gift from Okawaru
 26140 | D:12     | You are sucked into a shaft for 2 floors!
 26619 | D:14     | Noticed Kirke
 26640 | D:14     | Killed Kirke
 26942 | D:13     | Killed a storm dragon
 26942 | D:13     | Reached skill level 16 in Long Blades
 27337 | D:13     | Received a gift from Okawaru
 27358 | D:13     | Found a bloodstained altar of Trog.
 27498 | D:12     | Noticed Azrael
 27505 | D:12     | Killed Azrael
 28553 | D:12     | Noticed Josephine
 28563 | D:12     | Killed Josephine
 28667 | D:12     | Identified a scroll of acquirement
 28806 | D:13     | Received a gift from Okawaru
 28809 | D:13     | Got a fabulously ornate robe {god gift}
 29042 | D:13     | You are sucked into a shaft for 2 floors!
 29042 | D:15     | Entered Level 15 of the Dungeon
 29950 | D:14     | Reached XP level 17. HP: 115/133 MP: 26/26
 29958 | D:14     | Found a gate to the Vaults.
 29965 | D:14     | Reached skill level 10 in Dodging
 30750 | D:15     | Reached skill level 1 in Transmutations
 30988 | D:15     | Lost mutation: Your mind is acute. (Int +2) [evolution]
 31114 | D:15     | Reached skill level 17 in Long Blades
 31137 | D:15     | Found a staircase to the Depths.
 31172 | D:15     | Got a pair of jewelled gloves
 31183 | D:15     | Identified the +1 pair of gloves of Iggiah {rC- Str+2 Int+6 Dex+4} (You acquired it on level 15 of the Dungeon)
 31194 | D:15     | Gained mutation: You have an increased reservoir of magic (+10% MP). [potion of mutation]
 31195 | D:15     | Gained mutation: Scrolls take you a little longer to read. [potion of mutation]
 31206 | D:15     | Identified the +2 robe of Noogad {rPois Str+5} (Okawaru gifted it to you on level 13 of the Dungeon)
 31780 | Elf:1    | Entered Level 1 of the Elven Halls
 31884 | Elf:1    | Noticed Donald
 31894 | Elf:1    | Killed Donald
 32151 | Elf:1    | Noticed Louise
 32163 | Elf:1    | Killed Louise
 32763 | Elf:1    | Noticed Frances
 32776 | Elf:1    | Killed Frances
 32776 | Elf:1    | Reached skill level 10 in Earth Magic
 33393 | Elf:2    | Received a gift from Okawaru
 33470 | Elf:2    | Learned a level 5 spell: Lee's Rapid Deconstruction
 33517 | Elf:2    | Found Haudghull's Magic Scroll Shop.
 34288 | Elf:2    | Found a runed gate.
 34289 | Elf:2    | Found a runed gate.
 34292 | Elf:2    | Found a runed gate.
 34427 | Elf:3    | Entered Level 3 of the Elven Halls
 35051 | Elf:3    | Noticed a deep elf blademaster
 35057 | Elf:3    | Killed a deep elf blademaster
 35058 | Elf:3    | Noticed a deep elf blademaster
 35070 | Elf:3    | Killed a deep elf blademaster
 35070 | Elf:3    | Reached XP level 18. HP: 113/141 MP: 30/30
 35116 | Elf:3    | Reached skill level 18 in Long Blades
 35117 | Elf:3    | Noticed a deep elf blademaster
 35125 | Elf:3    | Killed a deep elf blademaster
 35127 | Elf:3    | Noticed a deep elf blademaster
 35145 | Elf:3    | Killed a deep elf blademaster
 35175 | Elf:3    | Reached skill level 5 in Transmutations
 35214 | Elf:3    | Got a translucent wooden ring
 35216 | Elf:3    | Noticed a deep elf master archer
 35235 | Elf:3    | Killed a deep elf master archer
 35517 | Elf:3    | Got a bloodstained buckler
 35721 | Elf:3    | Identified the +1 buckler of Osagalum {Str+3} (You took it off a deep elf sorcerer on level 3 of the Elven Halls)
 35753 | Elf:3    | Identified the ring of the Monkey's Uncle {MR+ Int+6} (You took it off a deep elf sorcerer on level 3 of the Elven Halls)
 35759 | Elf:3    | Got a slimy robe
 35822 | Elf:3    | Noticed a deep elf master archer
 35841 | Elf:3    | Killed a deep elf master archer
 35841 | Elf:3    | Received a gift from Okawaru
 35865 | Elf:3    | Got a twisted war axe {god gift}
 36920 | Elf:3    | Identified the cursed +1 robe "Onotwenu" {rC++} (You took it off a deep elf knight on level 3 of the Elven Halls)
 37270 | Elf:2    | Gained mutation: Your system is resistant to poisons. [evolution]
 37316 | Elf:2    | Identified the +2 war axe of Uqussun {venom, rElec MP+9 Stlth+} (Okawaru gifted it to you on level 3 of the Elven Halls)
 37609 | Spider:1 | Entered Level 1 of the Spider Nest
 37994 | Spider:1 | Noticed Agnes
 38005 | Spider:1 | Killed Agnes
 38005 | Spider:1 | Reached XP level 19. HP: 134/149 MP: 31/31
 38075 | Spider:1 | Received a gift from Okawaru
 38770 | Spider:2 | Reached skill level 19 in Long Blades
 39586 | Spider:3 | Noticed Mara
 39679 | Spider:3 | Killed Mara
 40073 | Spider:3 | Got an ichor-stained cloak
 40084 | Spider:3 | Identified the +0 cloak of Philately {rN+ Regen+ Int+3} (You acquired it on level 3 of the Spider Nest)
 40132 | Spider:3 | Received a gift from Okawaru
 40190 | Spider:3 | Noticed Jorgrun
 40223 | Spider:3 | Killed Jorgrun
 40486 | Spider:4 | Noticed Asterion
 40516 | Spider:4 | Killed Asterion
 41122 | Spider:5 | Entered Level 5 of the Spider Nest
 41201 | Spider:5 | Received a gift from Okawaru
 41414 | Spider:5 | Identified the Reference Book on Dislocation
 41428 | Spider:5 | Reached XP level 20. HP: 157/157 MP: 32/32
 41768 | Spider:5 | Gained mutation: You are agile. (Dex +2) [evolution]
 42010 | Spider:5 | Reached skill level 10 in Armour
 42105 | Spider:5 | Got a gossamer rune of Zot
 42535 | Shoals:1 | Entered Level 1 of the Shoals
 43888 | Shoals:2 | Received a gift from Okawaru
 44100 | Shoals:2 | Noticed Nikola
 44127 | Shoals:2 | Killed Nikola
 45007 | Shoals:3 | Reached skill level 20 in Long Blades
 45539 | Shoals:4 | Reached XP level 21. HP: 155/165 MP: 33/33
 45631 | Shoals:4 | Noticed Polyphemus
 45655 | Shoals:4 | Killed Polyphemus
 45664 | Shoals:4 | Received a gift from Okawaru
 46056 | Shoals:4 | Gained mutation: You possess an exceptional clarity of mind. [evolution]
 46716 | Shoals:5 | Entered Level 5 of the Shoals
 46716 | Shoals:5 | Noticed radzia's ghost (mighty MfGl)
 46985 | Shoals:5 | Noticed Ilsuiw
 47026 | Shoals:4 | Killed Ilsuiw
 47244 | Shoals:5 | Killed radzia's ghost
 48003 | Shoals:5 | Got a barnacled rune of Zot
 48405 | Shoals:5 | Reached skill level 10 in Transmutations
 49044 | D:10     | Lost mutation: You can spit poison. [evolution]
 49160 | Vaults:1 | Entered Level 1 of the Vaults
 49355 | Vaults:1 | Found a portal to a secret trove of treasure.
 50283 | Vaults:1 | You paid a toll of a +5 demon whip to enter a treasure trove
 50284 | Trove    | Entered a treasure trove
 50324 | Trove    | Got a spiked large shield
 50340 | Trove    | Identified the +0 large shield of Leaves {+Inv} (You found it in a treasure trove)
 50348 | Trove    | Got a heavily runed large shield
 50354 | Trove    | Identified the +0 large shield of Patience {Int+3} (You found it in a treasure trove)
 50388 | Trove    | Got a steaming plate armour
 50470 | Trove    | Identified the +3 plate armour "Cumoap" {rC+ rCorr} (You found it in a treasure trove)
 50491 | Trove    | Got a pitted copper ring
 50496 | Trove    | Got a glittering iron amulet
 50501 | Trove    | Got a flickering jade amulet
 50505 | Trove    | Identified the amulet "Cuba" {rMut Slay+2} (You found it in a treasure trove)
 50507 | Trove    | Identified the amulet "Irazuug" {Inacc SInv Stlth+} (You found it in a treasure trove)
 50511 | Trove    | Identified the ring of Zachulo {Str+5 Int+3 Dex+2} (You found it in a treasure trove)
 50541 | Trove    | Got a smoking battleaxe
 50546 | Trove    | Identified the +4 battleaxe "Death Rattle" {holy, rC- MR- Str+9 Stlth+} (You found it in a treasure trove)
 50694 | Vaults:1 | Reached XP level 22. HP: 164/173 MP: 34/34
 50892 | Vaults:1 | Received a gift from Okawaru
 50967 | Vaults:1 | Reached skill level 15 in Shields
 51547 | Vaults:2 | Found Lauvom's Assorted Antiques.
 51795 | Vaults:2 | Found a flickering gateway to a bazaar.
 51805 | Bazaar   | Entered a bazaar
 51806 | Bazaar   | Found Unoraqoe's Food Shoppe.
 51818 | Bazaar   | Found Ifesif's Gadget Shop.
 51874 | Bazaar   | Found Wigy's Distillery.
 51882 | Bazaar   | Bought a potion of resistance for 120 gold pieces
 51882 | Bazaar   | Bought a potion of heal wounds for 60 gold pieces
 51882 | Bazaar   | Bought a potion of heal wounds for 60 gold pieces
 51882 | Bazaar   | Bought a potion of heal wounds for 60 gold pieces
 51882 | Bazaar   | Bought a potion of restore abilities for 60 gold pieces
 51900 | Bazaar   | Found Enuxoic's Antique Armour Shop.
 51957 | Bazaar   | Found Egexto's Food Shoppe.
 52066 | Vaults:2 | Found Wuicsoi's Jewellery Shoppe.
 52092 | Vaults:2 | Bought the amulet "Isiguh" {Spirit rElec rF+ MR++ Str-4} for 663 gold pieces
 52145 | Vaults:2 | Reached skill level 21 in Long Blades
 52180 | Vaults:2 | Received a gift from Okawaru
 52595 | Vaults:2 | Found a staircase to the Crypt.
 52771 | Vaults:2 | Received a gift from Okawaru
 52801 | Vaults:2 | You are sucked into a shaft for 2 floors!
 52822 | Vaults:4 | Found Gyptyrudu's Food Emporium.
 52825 | Vaults:4 | Found Qeose's Armour Shop.
 52843 | Vaults:4 | Found Cucliett's Food Emporium.
 52855 | Vaults:4 | Found Hacwul's Jewellery Boutique.
 53381 | Vaults:3 | Got a pitted iron ring
 53384 | Vaults:3 | Identified the ring "Ytuer" {rPois rF+++ rC+ Int-4 SInv} (You found it on level 3 of the Vaults)
 53531 | Vaults:3 | Reached XP level 23. HP: 159/179 MP: 35/35
 53767 | Vaults:3 | Received a gift from Okawaru
 53770 | Vaults:3 | Got a steaming ring mail {god gift}
 53781 | Vaults:3 | Identified the +0 ring mail "Gollurchopp" {rC+ Int+5} (Okawaru gifted it to you on level 3 of the Vaults)
 54538 | Vaults:4 | Noticed Aizul
 54587 | Vaults:4 | Killed Aizul
 55350 | Vaults:4 | Found Noust's Weapon Shop.
 55357 | Vaults:4 | Reached skill level 22 in Long Blades
 55581 | Vaults:3 | Reached skill level 15 in Fighting
 56109 | Slime:1  | Entered Level 1 of the Pits of Slime
 57035 | Slime:2  | Reached skill level 15 in Earth Magic
 57973 | Slime:4  | Received a gift from Okawaru
 57998 | Slime:4  | You are sucked into a shaft!
 58182 | Slime:5  | Lost mutation: You are agile. (Dex +2) [a shining eye]
 58389 | Slime:5  | Reached XP level 24. HP: 181/189 MP: 35/35
 59443 | Slime:6  | Entered Level 6 of the Pits of Slime
 59478 | Slime:6  | Noticed UristPineapples's ghost (great TrMo)
 59518 | Slime:6  | Killed UristPineapples's ghost
 60266 | Slime:6  | Noticed the royal jelly
 60883 | D:7      | Found a bloodstained altar of Trog.
 61011 | D:7      | Reached skill level 23 in Long Blades
 61236 | D:7      | Found a staircase to the Ecumenical Temple.
 61296 | Temple   | Entered the Ecumenical Temple
 61453 | D:7      | Found a shimmering altar of Xom.
 61703 | D:6      | Found a glowing silver altar of Zin.
 61926 | D:6      | Killed Herrn's ghost
 62012 | D:6      | Received a gift from Okawaru
 62661 | D:2      | Fell from the grace of Okawaru
 62661 | D:2      | Became a worshipper of the Shining One
 63215 | Crypt:1  | Entered Level 1 of the Crypt
 63332 | Crypt:1  | Acquired the Shining One's first power
 63439 | Crypt:1  | Acquired the Shining One's second power
 64346 | Crypt:1  | Acquired the Shining One's third power
 64874 | Crypt:2  | Acquired the Shining One's fourth power
 64955 | Crypt:2  | Found a basalt altar of Yredelemnul.
 65006 | Crypt:2  | You are sucked into a shaft!
 65006 | Crypt:3  | Entered Level 3 of the Crypt
 65177 | Crypt:3  | Found a staircase to the Tomb.
 65177 | Crypt:3  | Noticed an ancient lich
 65190 | Crypt:3  | Killed an ancient lich
 65190 | Crypt:3  | Reached XP level 25. HP: 155/197 MP: 35/35
 65209 | Crypt:3  | Got a dazzling great sword
 65235 | Crypt:3  | Identified the Collected Works on Dark Rituals
 65246 | Crypt:3  | Identified the +11 great sword of Evolution {drain, Int+2 Stlth+} (You found it on level 3 of the Crypt)
 65249 | Crypt:3  | Got a warped chain mail
 65260 | Crypt:3  | Identified the +4 chain mail of Ditweh {rElec rN+ Str-2} (You found it on level 3 of the Crypt)
 66235 | Crypt:3  | Found a basalt altar of Yredelemnul.
 66644 | Crypt:2  | Got a pitted cloak
 66655 | Crypt:2  | Identified the +1 cloak of Autotheism {Str+3 Int+5} (You acquired it on level 2 of the Crypt)
 67122 | D:3      | You are sucked into a shaft for 2 floors!
 67154 | D:5      | Lost mutation: You possess an exceptional clarity of mind. [evolution]
 67658 | D:2      | Identified a +7 triple sword of holy wrath (a +5 triple sword of draining blessed by the Shining One)
 67806 | Temple   | Fell from the grace of the Shining One
 67806 | Temple   | Became a worshipper of Cheibriados the Contemplative
 73834 | D:15     | Learned a level 5 spell: Dispel Undead
 73895 | Depths:1 | Entered Level 1 of the Depths
 73911 | Depths:1 | Was forgiven by Okawaru
 74213 | Depths:1 | Found Ren Woq's Weapon Emporium.
 74252 | Depths:1 | Reached skill level 1 in Spellcasting
 74301 | Depths:1 | Acquired Cheibriados's first power
 74541 | Depths:1 | Reached skill level 1 in Necromancy
 74597 | Depths:1 | Found a gateway to Hell.
 74615 | Depths:1 | Reached skill level 24 in Long Blades
 75282 | Depths:2 | Found a shadowy altar of Dithmenos.
 75283 | Depths:2 | Found an iron altar of Okawaru.
 75283 | Depths:2 | Found a white marble altar of Elyvilon.
 75346 | Depths:2 | Acquired Cheibriados's second power
 75659 | Depths:2 | Reached XP level 26. HP: 126/206 MP: 29/35
 75856 | Depths:2 | Acquired Cheibriados's third power
 76287 | Depths:2 | Acquired Cheibriados's fourth power
 76290 | Depths:2 | Noticed the Enchantress
 76306 | Depths:2 | Killed the Enchantress
 76349 | Depths:2 | Got a faerie dragon armour
 76352 | Depths:2 | Identified the +1 faerie dragon armour {rC- Int+6 Clar} (You took it off the Enchantress on level 2 of the Depths)
 76514 | Depths:2 | Learned a level 3 spell: Regeneration
 76777 | Depths:3 | Found a one-way gate to the infinite horrors of the Abyss.
 76803 | Depths:3 | Found a magical portal.
 76813 | WizLab   | Entered Doroklohe's Tomb
 76969 | WizLab   | Reached skill level 25 in Long Blades
 77330 | Depths:3 | Found a one-way gate leading to the halls of Pandemonium.
 77553 | Depths:3 | Reached XP level 27. HP: 173/215 MP: 35/35
 77715 | Depths:3 | Found a gateway to a ziggurat.
 77750 | Depths:3 | Gained mutation: You are partially covered in rough black scales (AC +4, Dex -1). [evolution]
 77891 | Depths:3 | Got a faintly humming scale mail
 78001 | Depths:3 | Reached skill level 5 in Necromancy
 78061 | Depths:3 | Identified the +2 scale mail "Trusted Companion" {Dex+2} (You found it on level 3 of the Depths)
 78601 | Depths:4 | Found Zeeryj's Weapon Emporium.
 78604 | Depths:4 | Reached skill level 5 in Spellcasting
 79853 | Depths:5 | Entered Level 5 of the Depths
 80358 | Depths:5 | Reached skill level 15 in Armour
 80382 | Depths:5 | Found a gate to the Realm of Zot.
 81644 | Vaults:5 | Entered Level 5 of the Vaults
 82201 | Vaults:5 | Got a brightly glowing tin ring
 82209 | Vaults:5 | Noticed Sojobo
 82225 | Vaults:5 | Killed Sojobo
 82293 | Vaults:5 | Identified the ring of Greed {SustAb +Fly rN++ Str-2 Int+2} (You took it off a vault warden on level 5 of the Vaults)
 82298 | Vaults:5 | Got a pair of crude gloves
 82311 | Vaults:5 | Identified the +2 pair of gloves "Vuarr" {rElec rPois rC+ MP-9} (You found it on level 5 of the Vaults)
 82682 | Vaults:5 | Got a silver rune of Zot
 82920 | Vaults:5 | Identified the Compendium of Lucky Moulding (You found it on level 5 of the Vaults)
 82960 | Vaults:5 | Got a slimy platinum amulet
 82963 | Vaults:5 | Identified the amulet "Cumoc" {Gourm rElec rC+ MR-} (You took it off a deep elf death mage on level 5 of the Vaults)
 83022 | Vaults:5 | Identified the Papyrus of Translocation (You found it on level 5 of the Vaults)
 83031 | Vaults:5 | Learned a level 2 spell: Stoneskin
 83543 | Vaults:5 | Got a slimy plate armour
 83546 | Vaults:5 | Identified the +7 plate armour of the Mackerel {-Cast +Inv rElec} (You took it off a vault guard on level 5 of the Vaults)
 84028 | Lair:5   | Gained mutation: You are robust (+10% HP). [evolution]
 84408 | Slime:6  | Found a viscous altar of Jiyva.
 84451 | Slime:6  | Reached skill level 15 in Transmutations
 84536 | Slime:6  | Gained mutation: You are weak. (Str -2) [a shining eye]
 84555 | Slime:6  | Killed the royal jelly
 84555 | Slime:6  | Reached skill level 15 in Dodging
 84725 | Slime:6  | Identified the Catalogue of Dislocation
 84756 | Slime:6  | Got a slimy rune of Zot
 85623 | Crypt:2  | Reached skill level 1 in Charms
 86891 | Zot:1    | Entered Level 1 of the Realm of Zot
 87166 | Zot:1    | Noticed an orb of fire
 87182 | Zot:1    | Killed an orb of fire
 87560 | Zot:1    | Noticed an orb of fire
 87573 | Zot:1    | Killed an orb of fire
 87621 | Zot:2    | Reached skill level 10 in Necromancy
 87827 | Zot:2    | Learned a level 8 spell: Necromutation
 88073 | Zot:2    | Noticed an orb of fire
 88084 | Zot:2    | Killed an orb of fire
 88084 | Zot:2    | Reached skill level 5 in Charms
 88944 | Zot:3    | Noticed an orb of fire
 88955 | Zot:3    | Killed an orb of fire
 90565 | Zot:5    | Entered Level 5 of the Realm of Zot
 91166 | Hell     | Entered the Vestibule of Hell
 91166 | Hell     | Noticed Geryon
 91221 | Hell     | Killed Geryon
 91324 | Hell     | Found a gateway to the ashen valley of Gehenna.
 91577 | Hell     | Found a gateway to the Iron City of Dis.
 91628 | Hell     | Gained mutation: Armour fits poorly on your strangely shaped body. [a cacodemon]
 91690 | Hell     | Found a gateway to the freezing wastes of Cocytus.
 91840 | Hell     | Found a gateway to the decaying netherworld of Tartarus.
 91979 | Depths:5 | Voluntarily entered the Abyss.
 91986 | Abyss:1  | Found an opulent altar of Gozag.
 92040 | Abyss:1  | Found an ancient bone altar of Kikubaaqudgha.
 92065 | Abyss:1  | Noticed an ancient lich
 92072 | Abyss:1  | Killed an ancient lich
 92898 | Abyss:2  | Found a shattered altar of Ashenzari.
 93512 | Abyss:3  | Found a corrupted altar of Lugonu.
 93720 | Abyss:3  | Got an abyssal rune of Zot
 94240 | Depths:5 | Escaped the Abyss
 94268 | Depths:5 | Lost mutation: Your spells are a little harder to cast, but a little more powerful. [potion of cure mutation]
 94268 | Depths:5 | Lost mutation: You can spit weak poison. [potion of cure mutation]
 94268 | Depths:5 | Lost mutation: You are weak. (Str -2) [potion of cure mutation]
 94268 | Depths:5 | Lost mutation: You are covered in fur (AC +1). [potion of cure mutation]
 94268 | Depths:5 | Lost mutation: Your skin changes colour to match your surroundings (Stealth). [potion of cure mutation]
 94269 | Depths:5 | Lost mutation: Scrolls take you a little longer to read. [potion of cure mutation]
 94269 | Depths:5 | Lost mutation: Armour fits poorly on your strangely shaped body. [potion of cure mutation]
 94269 | Depths:5 | Lost mutation: Your system is resistant to poisons. [potion of cure mutation]
 94269 | Depths:5 | Lost mutation: You evolve. [potion of cure mutation]
 94273 | Depths:5 | Voluntarily entered the Abyss.
 95092 | Abyss:1  | Noticed an ancient lich
 95100 | Abyss:1  | Killed an ancient lich
 96044 | Abyss:1  | Found an ancient bone altar of Kikubaaqudgha.
 96091 | Abyss:1  | Reached skill level 15 in Necromancy
 96870 | Abyss:1  | Got a twisted plate armour
 96873 | Abyss:1  | Identified the cursed +0 plate armour of Umedaarr {rElec MR- MP+9 Int+10} (You found it on level 1 of the Abyss)
 97202 | Abyss:1  | Found a stormy altar of Qazlal.
 97790 | Abyss:1  | Learned a level 9 spell: Shatter
 97936 | Abyss:1  | Found an iron altar of Okawaru.
 98448 | Abyss:1  | Found a sacrificial altar of Ru.
 99520 | Abyss:1  | Got a scorched arbalest
 99524 | Abyss:1  | Identified the +8 arbalest "Fohucrel" {freeze, rPois} (You found it on level 1 of the Abyss)
 99649 | Abyss:1  | Found a corrupted altar of Lugonu.
 99751 | Abyss:1  | Got a twisted hand axe
 99752 | Abyss:1  | Identified the +3 hand axe of Itrittuo {chop, rElec MP+9} (You found it on level 1 of the Abyss)
100746 | Abyss:1  | Found a corrupted altar of Lugonu.
101376 | Abyss:1  | Found a corrupted altar of Lugonu.
101389 | Abyss:1  | Found a corrupted altar of Lugonu.
101391 | Abyss:1  | Identified the Compendium of Combat Magic
101855 | Abyss:1  | Found a corrupted altar of Lugonu.
102109 | Abyss:1  | Lost mutation: You are robust (+10% HP). [a neqoxec]
102535 | Abyss:1  | Got an ebony shortbow
102654 | Abyss:1  | Found a basalt altar of Yredelemnul.
102667 | Depths:5 | Escaped the Abyss
102838 | Depths:5 | Voluntarily entered the Abyss.
103061 | Abyss:1  | Got a silken robe
103062 | Abyss:1  | Identified the +6 shortbow of Megalomania {velocity, Str+3 Int+4 Stlth+} (You found it on level 1 of the Abyss)
103063 | Abyss:1  | Identified the +0 robe of Imperfection {Int+2} (You found it on level 1 of the Abyss)
103183 | Abyss:1  | Found a corrupted altar of Lugonu.
105413 | Abyss:1  | Found a corrupted altar of Lugonu.
105584 | Abyss:1  | Found a corrupted altar of Lugonu.
106304 | Depths:5 | Escaped the Abyss
106841 | Tomb:1   | Entered Level 1 of the Tomb of the Ancients
107559 | Tomb:1   | Noticed a greater mummy
107560 | Tomb:1   | Noticed a greater mummy
107566 | Tomb:1   | Killed a greater mummy
107567 | Tomb:1   | Noticed a greater mummy
107572 | Tomb:1   | Killed a greater mummy
107584 | Tomb:1   | Killed a greater mummy
107799 | Tomb:1   | Identified Moeddeladd's Compendium of Hexes and Weightlessness (You found it on level 1 of the Tomb of the Ancients)
108228 | Tomb:2   | Noticed a greater mummy
108228 | Tomb:2   | Noticed a greater mummy
108327 | Tomb:2   | Noticed a greater mummy
108328 | Tomb:2   | Noticed a greater mummy
108340 | Tomb:1   | Killed a greater mummy
108418 | Tomb:1   | Killed a greater mummy
108444 | Tomb:1   | Killed a greater mummy
108593 | Tomb:1   | Killed a greater mummy
108904 | Tomb:1   | Noticed a greater mummy
108904 | Tomb:1   | Noticed a greater mummy
108905 | Tomb:1   | Noticed a greater mummy
108905 | Tomb:1   | Noticed a greater mummy
108914 | Tomb:2   | Killed a greater mummy
108921 | Tomb:2   | Killed a greater mummy
108973 | Tomb:1   | Noticed a greater mummy
108977 | Tomb:1   | Noticed a greater mummy
108977 | Tomb:1   | Noticed a greater mummy
108977 | Tomb:1   | Noticed a greater mummy
108986 | Tomb:1   | Killed a greater mummy
109009 | Tomb:2   | Killed a greater mummy
109111 | Tomb:1   | Noticed a greater mummy
109117 | Tomb:2   | Killed a greater mummy
109133 | Tomb:2   | Killed a greater mummy
109156 | Tomb:2   | Killed a greater mummy
109229 | Tomb:1   | Killed a greater mummy
109258 | Tomb:1   | Noticed a greater mummy
109274 | Tomb:1   | Killed a greater mummy
109443 | Tomb:1   | Noticed a greater mummy
109447 | Tomb:1   | Killed a greater mummy
109470 | Tomb:1   | Noticed a greater mummy
109478 | Tomb:1   | Killed a greater mummy
109642 | Tomb:1   | Noticed a greater mummy
109653 | Tomb:1   | Killed a greater mummy
109653 | Tomb:1   | Reached skill level 26 in Transmutations
109656 | Tomb:1   | Noticed a greater mummy
109669 | Tomb:1   | Killed a greater mummy
109689 | Tomb:1   | Noticed a greater mummy
109696 | Tomb:1   | Killed a greater mummy
109697 | Tomb:1   | Noticed a greater mummy
109698 | Tomb:1   | Noticed a greater mummy
109698 | Tomb:1   | Noticed a greater mummy
109707 | Tomb:1   | Killed a greater mummy
109718 | Tomb:1   | Killed a greater mummy
109724 | Tomb:1   | Killed a greater mummy
109726 | Tomb:1   | Noticed a greater mummy
109736 | Tomb:1   | Killed a greater mummy
109737 | Tomb:1   | Noticed a greater mummy
109745 | Tomb:1   | Killed a greater mummy
110090 | Tomb:2   | Gained mutation: You can spit weak poison. [mutagenic glow]
110141 | Tomb:2   | Lost mutation: You have an increased reservoir of magic (+10% MP). [mutagenic glow]
110524 | Tomb:3   | Entered Level 3 of the Tomb of the Ancients
110639 | Tomb:3   | Noticed a greater mummy
110646 | Tomb:3   | Killed a greater mummy
110809 | Tomb:3   | Noticed a greater mummy
110816 | Tomb:3   | Killed a greater mummy
110968 | Tomb:3   | Noticed a greater mummy
110977 | Tomb:3   | Killed a greater mummy
111096 | Tomb:3   | Identified the Incunabulum of Poisonous Arcane Weapons
111300 | Tomb:3   | Noticed a greater mummy
111307 | Tomb:3   | Killed a greater mummy
111410 | Tomb:3   | Identified Oshraen's Grimoire of Attacks and Ignition (You found it on level 3 of the Tomb of the Ancients)
111415 | Tomb:3   | Identified the Compendium of Creative Snow
111418 | Tomb:3   | Learned a level 1 spell: Summon Butterflies
111424 | Tomb:3   | Got a scintillating lapis lazuli ring
111430 | Tomb:3   | Got a scintillating jade ring
111432 | Tomb:3   | Identified the ring "Noniz Jeoff" {AC+2 Int+3} (You found it on level 3 of the Tomb of the Ancients)
111433 | Tomb:3   | Identified the ring "Niseg" {+Inv rPois rF+ rN+ Stlth-} (You found it on level 3 of the Tomb of the Ancients)
111443 | Tomb:3   | Got a dazzling buckler
111444 | Tomb:3   | Identified the +2 buckler of Sloth {Dex+3} (You found it on level 3 of the Tomb of the Ancients)
111500 | Tomb:3   | Noticed a greater mummy
111506 | Tomb:3   | Killed a greater mummy
111506 | Tomb:3   | Reached skill level 27 in Transmutations
111532 | Tomb:3   | Noticed a greater mummy
111533 | Tomb:3   | Noticed a greater mummy
111534 | Tomb:3   | Noticed a greater mummy
111542 | Tomb:3   | Killed a greater mummy
111542 | Tomb:3   | Reached skill level 1 in Summonings
111553 | Tomb:3   | Killed a greater mummy
111562 | Tomb:3   | Killed a greater mummy
111644 | Tomb:3   | Noticed a greater mummy
111662 | Tomb:3   | Killed a greater mummy
111685 | Tomb:3   | Got a golden rune of Zot
112033 | Tomb:1   | Killed a greater mummy
112267 | Vaults:2 | Bought a potion of restore abilities for 200 gold pieces
112269 | Vaults:2 | Got a pair of encrusted gloves
112270 | Vaults:2 | Identified the +0 pair of gloves of Taolauf {MR+ Slay+3} (You acquired it on level 2 of the Vaults)
112611 | Pan      | Entered Pandemonium
112778 | Pan      | Found an exit through the horrors of the Abyss.
112943 | Pan      | Found an exit through the horrors of the Abyss.
113074 | Pan      | Found an exit through the horrors of the Abyss.
113134 | Pan      | Noticed Gebleacs the pandemonium lord
113137 | Pan      | Killed Gebleacs the pandemonium lord
113246 | Pan      | Entered the realm of Mnoleg.
113305 | Pan      | Reached skill level 5 in Summonings
113310 | Pan      | Found an exit through the horrors of the Abyss.
113348 | Pan      | Found a gateway to a ziggurat.
113695 | Pan      | Gained mutation: You heal slowly when monsters are visible. [a neqoxec]
113815 | Pan      | Noticed Mnoleg
113828 | Pan      | Killed Mnoleg
113893 | Pan      | Got a vibrating brass ring
113941 | Pan      | Got a glowing rune of Zot
113984 | Pan      | Gained mutation: You expend magic power (3 MP) to strengthen your wands. [a neqoxec]
114120 | Zig:1    | Entered Level 1 of a ziggurat
114134 | Zig:1    | Identified the ring "Wuastrul" {rPois rF- Int+4 SInv Stlth+} (You found it in Pandemonium)
114143 | Zig:1    | Got an ichor-stained large shield
114154 | Zig:1    | Identified the +12 large shield "Hooph" {rPois rF- rC+++} (You acquired it on level 1 of a ziggurat)
114162 | Zig:1    | Got a jewelled great mace
114164 | Zig:1    | Identified the cursed +1 great mace "Uwiusch" {pain, rElec MR+ Int-3} (You found it on level 1 of a ziggurat)
114208 | Zig:2    | Entered Level 2 of a ziggurat
114234 | Zig:3    | Entered Level 3 of a ziggurat
114264 | Zig:4    | Entered Level 4 of a ziggurat
114285 | Zig:4    | Got a faintly humming large shield
114295 | Zig:4    | Got a warped scale mail
114302 | Zig:4    | Got an ancient lead ring
114312 | Zig:4    | Identified the ring of Qeuloef {Int+3 SInv Stlth+} (You found it on level 4 of a ziggurat)
114314 | Zig:4    | Identified the cursed +1 scale mail "Tiwow" {MR+} (You found it on level 4 of a ziggurat)
114315 | Zig:4    | Identified the +0 large shield of Geacer {rPois rN+} (You took it off a daeva on level 4 of a ziggurat)
114323 | Zig:5    | Entered Level 5 of a ziggurat
114354 | Zig:5    | Got a scorched jade ring
114373 | Zig:5    | Identified the ring "Bufira" {Dex+5 Slay-4 SInv} (You found it on level 5 of a ziggurat)
114379 | Zig:6    | Entered Level 6 of a ziggurat
114538 | Zig:7    | Entered Level 7 of a ziggurat
114714 | Zig:8    | Entered Level 8 of a ziggurat
114945 | Zig:9    | Entered Level 9 of a ziggurat
115027 | Zig:9    | Learned a level 6 spell: Statue Form
115078 | Zig:10   | Entered Level 10 of a ziggurat
115088 | Zig:10   | Noticed Tyrhiaxt the pandemonium lord
115105 | Zig:10   | Killed Tyrhiaxt the pandemonium lord
115359 | Zig:11   | Entered Level 11 of a ziggurat
115509 | Zig:11   | Got an ichor-stained ring mail
115511 | Zig:11   | Identified the +0 ring mail of the Burgomaster {MR+ Str+3 Stlth+} (You found it on level 11 of a ziggurat)
115542 | Zig:12   | Entered Level 12 of a ziggurat
115964 | Pan      | Noticed Mennas
115983 | Pan      | Killed Mennas
115983 | Pan      | Reached skill level 27 in Fighting
116052 | Pan      | Found an exit through the horrors of the Abyss.
116486 | Pan      | Noticed Cuepsun the pandemonium lord
116499 | Pan      | Killed Cuepsun the pandemonium lord
116499 | Pan      | Reached skill level 10 in Summonings
116603 | Pan      | Got a spiked chain mail
116605 | Pan      | Identified the cursed +0 chain mail of Kygina Otyr {rCorr} (You found it in Pandemonium)
116638 | Pan      | Found an exit through the horrors of the Abyss.
116825 | Pan      | Noticed Togg the pandemonium lord
116842 | Pan      | Reached skill level 10 in Spellcasting
116858 | Pan      | Killed Togg the pandemonium lord
117034 | Pan      | Reached skill level 10 in Axes
117038 | Pan      | Noticed Teyr the pandemonium lord
117057 | Pan      | Killed Teyr the pandemonium lord
117106 | Pan      | Entered the realm of Lom Lobon.
117184 | Pan      | Found an exit through the horrors of the Abyss.
117934 | Pan      | Noticed Lom Lobon
117952 | Pan      | Killed by an exploding ball lightning

Action                   |  1- 3 |  4- 6 |  7- 9 | 10-12 | 13-15 | 16-18 | 19-21 | 22-24 | 25-27 || total
-------------------------+-------+-------+-------+-------+-------+-------+-------+-------+-------++-------
Melee: War axe           |    92 |   205 |   218 |       |       |       |       |       |       ||   515
       Great sword       |       |       |   110 |   410 |  1081 |  1091 |  1665 |  2203 |  9728 || 16288
       Dire flail        |       |       |       |     8 |    84 |       |       |       |       ||    92
       Triple sword      |       |       |       |       |       |       |       |       |    74 ||    74
 Cast: Necromutation     |       |       |       |       |       |       |       |       |    69 ||    69
       Regeneration      |       |       |       |       |       |       |       |       |    29 ||    29
       Statue Form       |       |       |       |       |       |       |       |       |     1 ||     1
Invok: Heroism           |       |       |       |     2 |    14 |    16 |    12 |     5 |       ||    49
       Divine Shield     |       |       |       |       |       |       |       |       |     3 ||     3
       Summon Divine War |       |       |       |       |       |       |       |       |     2 ||     2
       Temporal Distorti |       |       |       |       |       |       |       |       |    76 ||    76
       Slouch            |       |       |       |       |       |       |       |       |     3 ||     3
       Step From Time    |       |       |       |       |       |       |       |       |     1 ||     1
 Abil: Dig               |     1 |     3 |     7 |    16 |    18 |    22 |    35 |     4 |   119 ||   225
       Shaft Self        |       |       |     1 |       |       |     1 |       |     1 |     1 ||     4
       Stop Flying       |       |       |       |       |       |       |       |       |     1 ||     1
       End Transformatio |       |       |       |       |       |       |       |       |     3 ||     3
       Evoke Flight      |       |       |       |       |       |       |       |       |     1 ||     1
Evoke: Wand              |       |       |       |       |       |       |     7 |       |     1 ||     8
  Use: Potion            |       |     1 |     4 |     7 |     9 |     9 |     3 |     4 |    30 ||    67
       Scroll            |       |       |       |    11 |     9 |    10 |     8 |    11 |    58 ||   107
 Stab: Paralysed         |       |       |     1 |       |       |       |       |       |     2 ||     3
       Invisible         |       |       |       |     1 |       |       |       |       |     2 ||     3
       Sleeping          |       |       |       |       |     6 |     3 |     2 |     6 |       ||    17
       Distracted        |       |       |       |       |       |     2 |       |       |     8 ||    10
       Fleeing           |       |       |       |       |       |       |     1 |       |       ||     1
       Petrifying        |       |       |       |       |       |       |       |       |     2 ||     2
  Eat: Bread ration      |     1 |       |       |       |       |       |       |     6 |    17 ||    24
       Chunk             |       |     1 |    17 |    23 |    63 |    33 |    19 |     5 |    32 ||   193
       Beef jerky        |       |       |     1 |       |       |     2 |     2 |     3 |     8 ||    16
       Pizza             |       |       |       |       |       |     3 |     1 |       |     7 ||    11
       Fruit             |       |       |       |       |       |       |    28 |    10 |    15 ||    53
       Royal jelly       |       |       |       |       |       |       |       |     1 |       ||     1
